 Seeded DCSS version 0.29-a0-1027-gcd8c55af63 (webtiles) character file.

Game seed: 6155037152212704371 (custom seed)

72184 mathmaestro the Lord of Darkness (level 15, 120/120 HPs)
             Began as a Demonspawn Necromancer on Aug 12, 2022.
             Was the Champion of Kikubaaqudgha.
             Quit the game on level 13 of the Dungeon.
             The game lasted 01:19:55 (25271 turns).

mathmaestro the Lord of Darkness (DsNe)            Turns: 25271, Time: 01:19:55

Health: 120/120    AC: 13    Str:  7    XL:     15   Next: 0%
Magic:  33/39      EV: 14    Int: 33    God:    Kikubaaqudgha [******]
Gold:   775        SH:  5    Dex: 16    Spells: 1/36 levels left

rFire   . . .      SeeInvis .   f - +8 trident of Xeudwige {pain, Will+ Str-4 Int+2}
rCold   + . .      Faith    .   i - +0 buckler
rNeg    . . .      Spirit   +   W - +1 ring mail of Nuorisch {+Inv Int+2 Dex+2}
rPois   .          Reflect  .   Q - +0 helmet of Entitlement {rC+ Regen+ Str+2}
rElec   .          Harm     .   e - +0 cloak
rCorr   .          Rampage  .   B - +0 pair of gloves
Will    ++...                   L - +1 pair of boots {Fly}
Stlth   +++.......              J - amulet of magic regeneration
HPRegen 1.10/turn               O - +6 ring of intelligence
MPRegen 0.92/turn               s - ring of magical power

@: flying
A: demonic guardian 1, magic shield, magic regeneration, sturdy frame 3,
weakness stinger 1, evolution 1
a: Renounce Religion, Evoke Invisibility, Unearth Wretches, Torment, Brand
Weapon With Pain, Receive Forbidden Knowledge


You were on level 13 of the Dungeon.
You worshipped Kikubaaqudgha.
Kikubaaqudgha was exalted by your worship.
You visited 4 branches of the dungeon, and saw 21 of its levels.

You collected 1683 gold pieces.
You spent 908 gold pieces at shops.

Inventory:

Hand Weapons
 f - the +8 trident of Xeudwige (weapon) {pain, Will+ Str-4 Int+2}
   (You found it on level 5 of the Lair of Beasts)

   In the hands of one skilled in necromantic magic, it inflicts extra damage on
   living creatures.
   Str:       It affects your strength (-4).
   Int:       It affects your intelligence (+2).
   Will:      It increases your willpower.
 p - a +0 dagger of distortion
Missiles
 w - 4 throwing nets
 C - 7 boomerangs
 V - 4 javelins
Armour
 e - a +0 cloak (worn)
 i - a +0 buckler (worn)
 m - a +2 leather armour of fire resistance
 B - a +0 pair of gloves (worn)
 L - a +1 pair of boots of flying (worn)
 Q - the +0 helmet of Entitlement (worn) {rC+ Regen+ Str+2}
   (You found it on level 2 of the Lair of Beasts)

   Str:       It affects your strength (+2).
   rC:        It protects you from cold.
   Regen:     It increases your rate of health regeneration.
 W - the +1 ring mail of Nuorisch (worn) {+Inv Int+2 Dex+2}
   (You found it on level 4 of the Lair of Beasts)

   Int:       It affects your intelligence (+2).
   Dex:       It affects your dexterity (+2).
   +Inv:      It lets you turn invisible.
Jewellery
 s - a ring of magical power (right hand)
 J - an amulet of magic regeneration (around neck)
 K - a ring of fire
 O - a +6 ring of intelligence (left hand)
 P - a ring of resist corrosion
Wands
 c - a wand of charming (17)
 h - a wand of flame (12)
 t - a wand of digging (3)
 y - a wand of mindburst (3)
 N - a wand of polymorph (3)
 R - a wand of roots (6)
Scrolls
 a - a scroll of enchant armour
 d - 4 scrolls of teleportation
 g - a scroll of enchant weapon
 j - a scroll of amnesia
 k - a scroll of poison
 l - a scroll of silence
 q - 3 scrolls of magic mapping
 r - a scroll of fear
 x - a scroll of butterflies
 G - 3 scrolls of blinking
 S - a scroll of summoning
Potions
 b - 2 potions of magic
 n - 3 potions of haste
 o - 4 potions of brilliance
 u - 8 potions of curing
 v - 5 potions of berserk rage
 z - 2 potions of mutation
 A - a potion of lignification
 D - a potion of resistance
 E - 6 potions of might
 F - 3 potions of flight
 H - 3 potions of heal wounds
 I - a potion of cancellation
 T - a potion of invisibility
Miscellaneous
 M - a lightning rod (4/4)


   Skills:
 + Level 11.8 Fighting
 + Level 2.8 Polearms
 + Level 6.0 Armour
 + Level 5.9 Dodging
 + Level 3.9 Stealth
 * Level 4.4 Shields
 + Level 11.0 Spellcasting
 + Level 0.2 Summonings
 + Level 13.6 Necromancy
 - Level 8.0 Ice Magic
 - Level 7.0 Earth Magic
 + Level 8.2 Evocations


You had one spell level left.
You knew the following spells:

 Your Spells              Type           Power      Damage    Failure   Level
a - Necrotise             Necr           100%       1d9       0%          1
b - Vampiric Draining     Necr           82%        2d11      1%          3
c - Animate Dead          Necr           82%        N/A       1%          4
d - Sublimation of Blood  Necr           82%        N/A       1%          2
e - Dispel Undead         Necr           82%        3d27      1%          4
f - Borgnjor's Vile Clut  Necr/Erth      36%        N/A       1%          5
g - Simulacrum            Ice/Necr       37%        N/A       6%          6
h - Swiftness             Air            18%        N/A       10%         3
i - Haunt                 Necr/Summ      29%        N/A       86%         7

Your spell library contained the following spells:

 Spells                   Type           Power      Damage    Failure   Level
 Beastly Appendage        Tmut           36%        N/A       3%          1
 Magic Dart               Conj           72%        1d6       3%          1
 Shock                    Conj/Air       72%        1d7       3%          1
 Slow                     Hex            72%        N/A       3%          1
 Summon Small Mammal      Summ           76%        N/A       3%          1
 Agony                    Necr           82%        N/A       1%          5
 Death Channel            Necr           41%        N/A       1%          6
 Call Imp                 Summ           19%        N/A       4%          2
 Wereblood                Tmut           18%        N/A       4%          2
 Corpse Rot               Necr/Pois/Air  48%        N/A       5%          4
 Call Canine Familiar     Summ           19%        N/A       10%         3
 Confusing Touch          Hex            18%        N/A       10%         3
 Gell's Gravitas          Tloc           18%        N/A       10%         3
 Ignite Poison            Fire/Tmut/Pois 18%        N/A       10%         3
 Lesser Beckoning         Tloc           18%        N/A       10%         3
 Mephitic Cloud           Conj/Pois/Air  18%        N/A       10%         3
 Spider Form              Tmut/Pois      18%        N/A       10%         3
 Summon Guardian Golem    Hex/Summ       18%        N/A       10%         3
 Teleport Other           Tloc           18%        N/A       10%         3
 Freezing Cloud           Conj/Ice/Air   17%        6-21      30%         5
 Airstrike                Air            9%         2d(2-18)  32%         4
 Fireball                 Conj/Fire      9%         3d6       67%         5
 Summon Cactus Giant      Summ           9%         N/A       99%         6


Dungeon Overview and Level Annotations

Branches:
Dungeon (13/15)            Temple (1/1) D:5            Lair (5/5) D:11
 Shoals (0/4) Lair:3        Snake (0/4) Lair:2        Slime (0/5) Lair:4
    Orc (2/2) D:9             Elf (0/3) Orc:2
 Vaults: D:13-14

Altars:
Ashenzari
Cheibriados
Dithmenos
Fedhas
Gozag
Hepliaklqana
Kikubaaqudgha
Makhleb
Nemelex Xobeh
Okawaru
Qazlal
Ru
Sif Muna
Trog
Uskayaw
Vehumet
Wu Jian
Xom
Yredelemnul
Jiyva

Shops:
D:3 !   D:4 :   Orc:2 [((:

Annotations:
D:12 9 runed translucent doors
Orc:2 Erolcha


Innate Abilities, Weirdness & Mutations

A weak demonic guardian rushes to your aid.
When hurt, damage is shared between your health and your magic reserves.
You regenerate magic rapidly.
Your movements are significantly less encumbered by armour. (ER -6)
You have a small tail.
You have hidden genetic potential.


Message History

Press: ? - help, Dir - move target, f - deep elf pyromancer
Aim: a deep elf pyromancer, wielding a +2 vorpal long sword and wearing a +1 leather armour of fire resistance (asleep) Attack!
The deep elf pyromancer shouts!
You hear a shout!
The deep elf pyromancer gestures wildly while chanting.
The deep elf pyromancer blinks!
You swap places.
You swap places.
The deep elf pyromancer hits your cyclops simulacrum with a +2 vorpal long sword!
The deep elf pyromancer hits your cyclops simulacrum with a +2 vorpal long sword.
Your cyclops simulacrum hits the deep elf pyromancer!
Your cyclops simulacrum freezes the deep elf pyromancer!
The deep elf pyromancer gestures at your cyclops simulacrum while chanting.
The sticky flame hits your cyclops simulacrum!
Your cyclops simulacrum melts!
Your cyclops simulacrum is covered in liquid flames!
Casting: Borgnjor's Vile Clutch (dangerous; 1% risk of failure)
Confirm with . or Enter, or press ? or * to list all spells.
Aiming: Simulacrum (dangerous; 7% risk of failure)
Press: ? - help, Shift-Dir - straight line, f/p - deep elf pyromancer
Aim: a deep elf pyromancer, wielding a +2 vorpal long sword and wearing a +1 leather armour of fire resistance (severely wounded, not watching you, ally target)
You freeze the deep elf pyromancer's soul.
Your cyclops simulacrum burns!
Your cyclops simulacrum vaporises!
The deep elf pyromancer casts a spell.
Your cyclops simulacrum barely misses the deep elf pyromancer.
Your cyclops simulacrum hits the deep elf pyromancer!
The deep elf pyromancer dies!
Kikubaaqudgha accepts your kill.
A freezing mist starts to gather...
The fire elemental disappears in a puff of smoke!
A freezing mist starts to gather... x4
Your Armour skill increases to level 6!
You have reached level 15!
Your experience leads to an increase in your attributes!
Your base attributes are Str 9, Int 21, Dex 14.
Increase (S)trength, (I)ntelligence, or (D)exterity?
You feel clever. x2; Your demonic ancestry asserts itself...
You feel the presence of a demonic guardian.
Are you sure you want to abandon this character and quit the game? (Confirm with "yes".)

#.........#
######.....(...#
#.......Z......#
#.......Z......#
#......######..#
#......#....#..#
#......#....#..#
#......'....#...
#....Z@######....
#.....Z........
#####Z○ZZ......
#.)........
#.Z.Z.....#
#...Z.....#
#.........#
#.........#
..........#


You could see 4 friendly deep elf pyromancer simulacra and 4 friendly cyclops
simulacra.

Vanquished Creatures
  Saint Roka (Orc:2)
  An orc warlord (Orc:2)
  A stone giant (D:12)
  5 boulder beetles
  Fannar (Lair:1)
  3 hydras
  5 two-headed ogres
  An anaconda (Lair:5)
  4 death yaks (D:11)
  Urug (Lair:4)
  Amaemon (Lair:2)
  2 orc knights (Orc:2)
  An ugly thing (D:12)
  3 orc sorcerers (Orc:2)
  2 cyclopes
  4 elephants
  A torpor snail (Lair:3)
  A merfolk siren (Lair:3)
  3 black mambas
  An unseen horror (D:11)
  9 cane toads
  3 rime drakes
  5 komodo dragons
  7 trolls
  A wind drake (Lair:5)
  A polar bear (Lair:5)
  6 slime creatures (D:12)
  Sigmund (D:3)
  A snapping turtle (Lair:5)
  6 blink frogs
  2 wraiths (D:11)
  4 wyverns
  4 steam dragons
  23 yaks
  4 basilisks
  2 vampire mosquitoes (D:12)
  4 nagas (Lair:2)
  2 wargs
  Edmund (D:6)
  6 acid dragons
  4 water moccasins
  An ice beast (D:5)
  2 sky beasts
  30 orc warriors
  2 hornet zombies (D:7)
  6 ogres
  A black bear (D:5)
  8 centaurs
  11 wolves
  A phantom (Temple)
  5 bullfrogs
  A kobold brigand (D:6)
  A necrophage (D:6)
  2 gnoll sergeants
  7 scorpions
  42 wights
  4 wyvern zombies (D:7)
  A water moccasin zombie (D:7)
  6 killer bees (D:7)
  5 howler monkeys
  4 electric eels
  A bullfrog zombie (D:7)
  2 centaur zombies (D:7)
  A gnoll bouda (D:8)
  19 orc priests
  2 jellies
  3 iguanas
  9 hell rats
  37 orc wizards
  3 killer bee zombies (D:7)
  2 howler monkey zombies (D:7)
  8 adders
  14 gnolls
  A dart slug (D:4)
  108 orcs
  5 ball pythons
  A bat (D:2)
  3 endoplasms
  A giant cockroach (D:1)
  7 hobgoblins
  5 quokkas
  5 goblins
  13 kobolds
  3 rats
  A bush (Lair:4)
532 creatures vanquished.

Vanquished Creatures (collateral kills)
  4 hydras
  A merfolk avatar (Lair:5)
  A death yak (D:11)
  A two-headed ogre (D:12)
  A hell knight (D:12)
  An orange crystal statue (D:12)
  A deep elf pyromancer (D:13)
  2 harpies (Lair:5)
  A cyclops (Orc:2)
  2 manticores (Lair:5)
  An orc sorcerer (Orc:2)
  An ugly thing (D:12)
  8 elephants
  A black mamba (Lair:1)
  An orange demon (Lair:2)
  4 rime drakes
  2 komodo dragons (Lair:5)
  2 unseen horrors
  4 cane toads
  2 trolls
  A polar bear (Lair:5)
  A slime creature (D:12)
  8 blink frogs
  3 wyverns
  A basilisk (Lair:3)
  8 yaks
  A warg (Orc:2)
  2 acid dragons
  3 water moccasins
  7 orc warriors
  A black bear (Lair:1)
  11 wolves
  2 bullfrogs
  A howler monkey (D:4)
  3 orc wizards
  3 hell rats (Lair:4)
  8 orcs
105 creatures vanquished.

Vanquished Creatures (others)
  A centaur warrior (D:11)
  A deep elf pyromancer (D:11)
  A manticore (D:11)
  A rime drake (Lair:5)
  A death yak zombie (D:11)
  A black mamba zombie (Lair:4)
  A cane toad zombie (Lair:4)
  4 blink frog zombies (Lair:3)
  A rime drake zombie (Lair:3)
  A cyclops zombie (Orc:2)
  A warg zombie (Orc:2)
  11 yak zombies
  A howler monkey (D:11)
  4 wolf zombies
  A black bear zombie (Lair:1)
  2 orc wizards
  An ogre zombie (Orc:2)
  An orc (Orc:1)
  41 orc zombies
  46 fungi
  103 plants
  9 withered plants (D:7)
234 creatures vanquished.

Grand Total: 871 creatures vanquished

Notes
Turn   | Place    | Note
-------+----------+-------------------------------------------
     0 | D:1      | mathmaestro the Demonspawn Necromancer began the quest for
                  | the Orb.
     0 | D:1      | Reached XP level 1. HP: 13/13 MP: 3/3
   481 | D:1      | Gained mutation: You regenerate magic rapidly. [demonic
                  | ancestry]
   481 | D:1      | Reached XP level 2. HP: 20/20 MP: 1/5
   992 | D:2      | Reached skill level 1 in Fighting
  1459 | D:3      | Found Zojekus's Distillery.
  1468 | D:3      | Bought a potion of curing for 36 gold pieces
  1507 | D:3      | Noticed Sigmund
  1748 | D:3      | Reached XP level 3. HP: 26/26 MP: 4/6
  1752 | D:3      | Learned a level 3 spell: Vampiric Draining
  1800 | D:3      | Found a faded altar of an unknown god.
  1848 | D:3      | Identified the +0 pair of boots of the Flute {Harm *Corrode
                  | rElec Regen+}
  1930 | D:3      | Killed Sigmund
  1931 | D:3      | Reached skill level 1 in Armour
  1931 | D:3      | Reached skill level 5 in Necromancy
  1931 | D:3      | Gained mutation: Your movements are slightly less
                  | encumbered by armour. (ER -2) [demonic ancestry]
  1931 | D:3      | Reached XP level 4. HP: 34/34 MP: 3/8
  1931 | D:3      | Reached XP level 5. HP: 39/39 MP: 3/9
  2127 | D:4      | Gained mutation: When hurt, damage is shared between your
                  | health and your magic reserves. [demonic ancestry]
  2127 | D:4      | Reached XP level 6. HP: 39/46 MP: 7/11
  2192 | D:4      | Found Ytylop's Book Emporium.
  3044 | D:4      | Learned a level 4 spell: Animate Dead
  3062 | D:5      | Entered Level 5 of the Dungeon
  3102 | D:5      | Identified the +12 quarterstaff of Askesosit {venom, rPois
                  | rF+ Dex-2}
  3237 | D:5      | Reached skill level 6 in Necromancy
  3237 | D:5      | Reached XP level 7. HP: 48/52 MP: 10/12
  3477 | D:5      | Reached skill level 1 in Evocations
  3552 | D:5      | Found a staircase to the Ecumenical Temple.
  3605 | Temple   | Entered the Ecumenical Temple
  3838 | Temple   | Became a worshipper of Kikubaaqudgha
  4276 | D:6      | Gained mutation: You have a small tail. [demonic ancestry]
  4276 | D:6      | Reached XP level 8. HP: 34/60 MP: 0/14
  4436 | D:6      | Noticed Edmund
  4444 | D:6      | Killed Edmund
  4882 | D:6      | Reached skill level 7 in Necromancy
  5061 | D:6      | Reached skill level 5 in Spellcasting
  5473 | D:6      | Reached * piety under Kikubaaqudgha
  5473 | D:6      | Received a gift from Kikubaaqudgha
  5487 | D:6      | Learned a level 2 spell: Sublimation of Blood
  5742 | D:6      | Reached skill level 5 in Fighting
  6388 | D:6      | Reached XP level 9. HP: 60/68 MP: 13/17
  6545 | D:6      | Identified the +8 dagger of Yqimeser {freeze, Stlth+}
  7162 | D:7      | Reached skill level 5 in Armour
  7415 | D:7      | Reached skill level 8 in Necromancy
  7705 | D:7      | Reached skill level 5 in Evocations
  7815 | D:7      | Reached ** piety under Kikubaaqudgha
  8295 | D:7      | Found a sacrificial altar of Ru.
  8472 | D:7      | Reached XP level 10. HP: 64/73 MP: 20/20
  8530 | D:7      | Reached skill level 9 in Necromancy
  8906 | D:7      | Found a radiant altar of Vehumet.
  9002 | D:7      | Identified the +0 robe "Tialuq" {Dex+5}
  9658 | D:8      | Noticed a two-headed ogre
  9673 | D:8      | Killed a two-headed ogre
  9673 | D:8      | Reached *** piety under Kikubaaqudgha
  9673 | D:8      | Received a gift from Kikubaaqudgha
  9680 | D:8      | Learned a level 4 spell: Dispel Undead
  9686 | D:8      | Learned a level 5 spell: Borgnjor's Vile Clutch
 10051 | D:8      | Identified the +7 falchion of Qathim {vorpal, rN+++ Will-
                  | Str-5 Int+5}
 10296 | D:8      | Reached skill level 1 in Earth Magic
 10564 | D:8      | Found a snail-covered altar of Cheibriados.
 10672 | D:9      | Reached skill level 10 in Necromancy
 10836 | D:9      | Noticed a two-headed ogre
 10844 | D:9      | Killed a two-headed ogre
 11105 | D:9      | Reached XP level 11. HP: 85/86 MP: 22/22
 11522 | D:9      | Found a staircase to the Orcish Mines.
 11664 | D:10     | Entered Level 10 of the Dungeon
 12924 | D:11     | Reached **** piety under Kikubaaqudgha
 13489 | D:11     | Noticed a death yak
 13489 | D:11     | Noticed a death yak
 13505 | D:11     | Noticed a death yak
 13507 | D:11     | Noticed a death yak
 13508 | D:11     | Noticed a death yak
 13509 | D:11     | Killed a death yak
 13515 | D:11     | Killed a death yak
 13518 | D:11     | Killed a death yak
 13522 | D:11     | Killed a death yak
 13523 | D:11     | Reached skill level 5 in Earth Magic
 13523 | D:11     | Killed a death yak
 13588 | D:11     | Noticed a two-headed ogre
 13589 | D:11     | Found a staircase to the Lair.
 13863 | D:11     | Noticed a two-headed ogre
 13870 | D:11     | Killed a two-headed ogre
 13871 | D:11     | Reached skill level 5 in Dodging
 13871 | D:11     | Reached skill level 11 in Necromancy
 14047 | D:11     | Killed a two-headed ogre
 14334 | D:11     | Learned a level 6 spell: Simulacrum
 14562 | Lair:1   | Entered Level 1 of the Lair of Beasts
 14632 | Lair:1   | Reached skill level 1 in Ice Magic
 14857 | Lair:1   | Gained mutation: Your movements are less encumbered by
                  | armour. (ER -4) [demonic ancestry]
 14857 | Lair:1   | Reached XP level 12. HP: 92/96 MP: 19/24
 15443 | Lair:1   | Noticed Fannar
 15463 | Lair:1   | Killed Fannar
 16468 | Lair:2   | Found a staircase to the Snake Pit.
 16724 | Lair:2   | Identified the +0 helmet of Entitlement {rC+ Regen+ Str+2}
 16755 | Lair:2   | Noticed Amaemon
 16767 | Lair:2   | Killed Amaemon
 16775 | Lair:2   | Reached skill level 10 in Fighting
 17044 | Lair:2   | Reached ***** piety under Kikubaaqudgha
 17765 | Lair:3   | Reached skill level 5 in Ice Magic
 17779 | Lair:3   | Reached skill level 12 in Necromancy
 18124 | Lair:3   | Found a staircase to the Shoals.
 18202 | Lair:3   | Gained mutation: Your movements are significantly less
                  | encumbered by armour. (ER -6) [demonic ancestry]
 18202 | Lair:3   | Reached XP level 13. HP: 85/103 MP: 26/26
 18640 | Lair:4   | Reached skill level 10 in Spellcasting
 18765 | Lair:4   | Found a viscous altar of Jiyva.
 18765 | Lair:4   | Found a staircase to the Slime Pits.
 18836 | Lair:4   | Noticed Urug
 18844 | Lair:4   | Killed Urug
 18927 | Lair:4   | Identified the +1 ring mail of Nuorisch {+Inv Int+2 Dex+2}
 19447 | Lair:5   | Entered Level 5 of the Lair of Beasts
 19663 | Lair:5   | Reached ****** piety under Kikubaaqudgha
 19975 | Lair:5   | Reached skill level 13 in Necromancy
 19975 | Lair:5   | Reached XP level 14. HP: 73/113 MP: 22/28
 20069 | Lair:5   | Identified the +8 trident of Xeudwige {pain, Will+ Str-4
                  | Int+2}
 20331 | Lair:5   | Learned a level 3 spell: Swiftness
 20883 | Orc:1    | Entered Level 1 of the Orcish Mines
 21078 | Orc:1    | Reached skill level 1 in Shields
 21187 | Orc:2    | Entered Level 2 of the Orcish Mines
 21274 | Orc:2    | Paralysed by an orc sorcerer for 4 turns
 21276 | Orc:2    | Gained mutation: You are frail. (-10% HP) [a neqoxec]
 21385 | Orc:2    | Found a staircase to the Elven Halls.
 21578 | Orc:1    | Found Etecreno's Magic Scroll Shoppe.
 22010 | Orc:2    | Noticed an orc warlord
 22023 | Orc:2    | Killed an orc warlord
 22024 | Orc:2    | Reached skill level 1 in Polearms
 22233 | Orc:2    | Found Ikkata Jusu's Book Shoppe.
 22278 | Orc:2    | Found Onixa's Antique Weapon Boutique.
 22435 | Orc:2    | Found Hantuf's Antique Armour Shop.
 22437 | Orc:2    | Found Gushraliu's Antique Weapon Boutique.
 22530 | Orc:2    | Noticed Saint Roka
 22533 | Orc:2    | Noticed Erolcha
 22837 | Orc:2    | Killed Saint Roka
 23133 | D:3      | Bought a potion of mutation for 96 gold pieces
 23133 | D:3      | Bought a potion of flight for 36 gold pieces
 23133 | D:3      | Bought a potion of cancellation for 96 gold pieces
 23173 | D:3      | Lost mutation: You are frail. (-10% HP) [potion of
                  | mutation]
 23173 | D:3      | Gained mutation: Armour fits poorly on your strangely
                  | shaped body. [potion of mutation]
 23173 | D:3      | Gained mutation: Your flesh is cold resistant. (rC+)
                  | [potion of mutation]
 23174 | D:3      | Lost mutation: Armour fits poorly on your strangely shaped
                  | body. [potion of mutation]
 23174 | D:3      | Lost mutation: Your flesh is cold resistant. (rC+) [potion
                  | of mutation]
 23174 | D:3      | Gained mutation: You have hidden genetic potential. [potion
                  | of mutation]
 23395 | D:12     | Identified the +1 plate armour "Zekimnupp" {Will+}
 23553 | D:12     | Found a large runed translucent door.
 23557 | D:12     | Found a large runed translucent door.
 23557 | D:12     | Found a large runed translucent door.
 23557 | D:12     | Noticed a stone giant
 23558 | D:12     | Found a large runed translucent door.
 23562 | D:12     | Found a large runed translucent door.
 23562 | D:12     | Found a large runed translucent door.
 23822 | D:12     | Found a large runed translucent door.
 23823 | D:12     | Found a large runed translucent door.
 23857 | D:12     | Found a runed translucent door.
 23917 | D:12     | Found a runed translucent door.
 23960 | D:12     | Found a runed translucent door.
 23962 | D:12     | Found a runed translucent door.
 24769 | D:12     | Killed a stone giant
 24775 | D:12     | Identified the +2 falchion of Supply {drain, rF+ Int+2}
 24787 | D:12     | Identified the +0 plate armour of Defiance {+Inv Will+}
 24908 | Orc:2    | Bought Lyrij's Encyclopedia of the Volcanoes and
                  | Accomplices for 644 gold pieces
 24916 | Orc:2    | Learned a level 7 spell: Haunt
 25271 | D:13     | Gained mutation: A weak demonic guardian rushes to your
                  | aid. [demonic ancestry]
 25271 | D:13     | Reached XP level 15. HP: 120/120 MP: 30/30
 25271 | D:13     | Quit the game

Illustrated notes

Levels and vault maps discovered:
D:1:      amcnicky_arrival_underground_garden, layout_loops_ring
D:2:      layout_loops_cross
D:3:      minmay_spotlight, layout_basic,
          shapermc_ecumenical_altar_starsandcircs, serial_shops, shop,
          uniq_sigmund
D:4:      layout_basic, serial_shops, shop, serial_bayou_lagoon_a,
          grunt_ministairs_1, minmay_misc_feat_tiny
D:5:      layout_loops_ring, temple_pool_b
D:6:      cheibrodos_thug_alley, layout_layer_cave, serial_rivers,
          chequers_serial_rivers_marsh, chequers_serial_rivers_micro_e,
          chequers_serial_rivers_room_b, chequers_serial_rivers_small_b,
          chequers_serial_rivers_micro_a, amcnicky_mini_rare_corridor_liquid,
          minmay_misc_feat_diagonals, st_stairs_4, uniq_edmund
D:7:      layout_basic, nicolae_ru_the_path_less_chosen, vehumet_altar_wand_db,
          serial_undead, serial_undead_b, serial_undead_b, serial_undead_c,
          serial_undead_b, serial_undead_e, serial_undead_d, serial_undead_a
D:8:      layout_rooms, mainiacjoe_overflow_catwalk, cheibriados_altar_1
D:9:      layout_basic, lemuel_crystal_altar, orc_0_dummy
D:10:     layout_layer_cave, kennysheep_boxes
D:11:     layout_loops_ring, dpeg_lair_monsters, minmay_fountain_box
D:12:     minmay_five_octagons, layout_stronghold, minmay_statue_crystal_thing
D:13:     layout_irregular_city, david_vaults_5, uniq_sonja, uniq_lodul
Temple:   minmay_crystal_spiral_temple
Lair:1:   layout_cave_pods, uniq_fannar
Lair:2:   layout_loops_ring, minmay_snake_entry_guardpost_small, uniq_amaemon
Lair:3:   layout_roguey, minmay_shoals_entry_lonely_mermaid,
          chequers_serial_rivers_large_a
Lair:4:   layout_hall_layers, dpeg_slime_entry_enclosed, serial_bayou_shore_a,
          uniq_urug
Lair:5:   gammafunk_lair_ancient_temple, layout_regular_city
Orc:1:    layout_caves, serial_shops, shop_fountains
Orc:2:    grunt_orc_community_town_hall, layout_caves,
          grunt_orc_community_big_house_1, grunt_orc_community_big_house_1,
          grunt_orc_community_house_1, grunt_orc_community_house_3,
          grunt_orc_community_house_1, grunt_orc_community_house_3,
          grunt_orc_community_house_3, basic_altar, statue_in_the_mist_lemuel,
          nicolae_orc_lava_room, uniq_saint_roka, uniq_erolcha

Skill      XL: |  1  2  3  4  5  6  7  8  9 10 11 12 13 14 |
---------------+-------------------------------------------+-----
Stealth        | 2 3 |  3.9
Dodging        | 2 3 5 |  5.9
Fighting       | 1 2 3 4 5 6 8 9 10 11 | 11.8
Armour         | 1 2 3 4 5 6 |  6.0
Spellcasting   | 3 4 5 6 7 8 9 10 11 | 11.0
Necromancy     | 5 6 7 8 10 11 12 13 | 13.6
Evocations     | 2 3 5 7 8 |  8.2
Earth Magic    | 3 5 6 7 |  7.0
Ice Magic      | 1 5 8 |  8.0
Shields        | 4 |  4.4
Polearms       | 2 |  2.8
Summonings     | |  0.2

Action                   |  1- 3 |  4- 6 |  7- 9 | 10-12 | 13-15 || total
-------------------------+-------+-------+-------+-------+-------++-------
Melee: Whip              |    11 |       |       |       |       ||    11
       Dagger            |    26 |    47 |       |       |       ||    73
       Quarterstaff      |       |     5 |   282 |   355 |   127 ||   769
       Tailslap          |       |       |    32 |    61 |    80 ||   173
       Trident           |       |       |       |       |   381 ||   381
 Cast: Necrotise         |    31 |    51 |    24 |    47 |    12 ||   165
       Vampiric Draining |       |     3 |     3 |    47 |    53 ||   106
       Dispel Undead     |       |       |       |    17 |     2 ||    19
       Animate Dead      |       |       |       |     8 |     7 ||    15
       Borgnjor's Vile C |       |       |       |    17 |    60 ||    77
       Simulacrum        |       |       |       |       |    31 ||    31
       Sublimation of Bl |       |       |       |       |     3 ||     3
Invok: Unearth Wretches  |       |       |       |       |     1 ||     1
Evoke: Wand              |       |       |     4 |     7 |     4 ||    15
  Use: Potion            |       |     1 |       |       |     9 ||    10
       Scroll            |       |       |       |    14 |    11 ||    25
 Stab: Sleeping          |     3 |     1 |     1 |     3 |     3 ||    11
       Distracted        |       |       |       |     2 |     1 ||     3
Armor: Robe              |     6 |       |       |       |       ||     6
       Leather armour    |     1 |    17 |    82 |    60 |       ||   160
       Acid dragon scale |       |       |       |   140 |    33 ||   173
       Ring mail         |       |       |       |       |   270 ||   270
Dodge: Dodged            |    16 |    42 |   187 |   383 |   520 ||  1148
Block: Buckler           |     3 |    11 |       |       |   134 ||   148

Table legend: (Time is in decaauts)
 A = Elapsed time spent in this place.
 B = Non-inter-level travel time spent in this place.
 C = Inter-level travel time spent in this place.
 D = Time resting spent in this place.
 E = Time spent auto-exploring this place.
 F = Levels seen in this place.
 G = Mean time per level.
                   A        B        C        D        E       F      G
               +--------+--------+--------+--------+--------+-----+--------+
         Total |  25664 |  23584 |   2080 |   5847 |  11944 |  21 | 1222.1 |
       Dungeon |  16778 |  15592 |   1186 |   4515 |   7441 |  13 | 1290.6 |
        Temple |    285 |    200 |     85 |      0 |    168 |   1 |  285.0 |
          Lair |   6347 |   5729 |    618 |   1012 |   3368 |   5 | 1269.4 |
  Orcish Mines |   2254 |   2065 |    189 |    320 |    967 |   2 | 1127.0 |
               +--------+--------+--------+--------+--------+-----+--------+

Top non-repeatable levels by time:
     D:7: 2957 daAuts
     D:6: 2093 daAuts
  Lair:1: 1878 daAuts
    D:11: 1736 daAuts
     D:5: 1540 daAuts
  Lair:2: 1494 daAuts
    D:10: 1414 daAuts
    D:12: 1407 daAuts
   Orc:2: 1378 daAuts
     D:9: 1203 daAuts
     D:4: 1121 daAuts
  Lair:5: 1056 daAuts
  Lair:3: 976 daAuts
     D:8: 971 daAuts
  Lair:4: 942 daAuts
